 Dungeon Crawl Stone Soup version 0.31-a0-112-gdf0485fa37 (webtiles) character file.

Game seed: 13288445850115915002

1795 Zonian the Gusty (level 9, -2/51 HPs)
             Began as a Tengu Air Elementalist on May 28, 2023.
             Was a Believer of Ashenzari.
             Slain by a kobold brigand
             ... wielding the +5 dagger "Killer Bee's Regret" {freeze, rElec rF+ rC++ Int-4}
              (3 damage)
             ... on level 7 of the Dungeon.
             The game lasted 00:12:10 (8631 turns).

Zonian the Gusty (Tengu Air Elementalist)           Turns: 8631, Time: 00:12:11

Health: -2/51      AC:  8    Str:  9    XL:     9   Next: 9%
Magic:  9/19       EV: 17    Int: 25    God:    Ashenzari [**....]
Gold:   255        SH:  0    Dex: 15    Spells: 10/20 levels left

rFire   . . .        F - +4 whip of the Genius {freeze, Int+6}
rCold   . . .        (no shield)
rNeg    . . .        a - +0 robe
rPois   .            E - +2 hat of the Cursed Sage {Will+, Self, Fort} (curse)
rElec   .            (no cloak)
rCorr   +            (no gloves)
SInv    +            (boots unavailable)
Will    +....        r - amulet of regeneration
Stlth   +++          t - ring of Panopticon {AC+4, Fort, Alch} (curse)
HPRegen 1.08/turn    x - ring of the Enigmatic Seeker {rCorr, Range, Fort} (curse)
MPRegen 0.16/turn

%: no passive effects
@: flying quickly and evasively, slowed, very slow
A: beak, talons 3, nimble flight
a: Renounce Religion, Shatter the Chains


You were on level 7 of the Dungeon.
You worshipped Ashenzari.
Ashenzari was pleased with you.
You visited 1 branch of the dungeon, and saw 7 of its levels.

You collected 255 gold pieces.

Inventory:

Hand Weapons
 e - a +0 orcbow of flaming
 i - a +0 heavy spear
 j - the +4 mace "Oraeborch" {pain, Int+3}
   (You found it on level 2 of the Dungeon)

   Int:       It affects your intelligence (+3).
 n - a +3 short sword of venom
 w - a +4 dagger
 F - the +4 whip of the Genius (weapon) {freeze, Int+6}
   (You found it on level 7 of the Dungeon)

   Int:       It affects your intelligence (+6).
Missiles
 k - 6 poisoned darts
 s - 5 boomerangs
 D - 4 silver javelins
Armour
 a - a +0 robe (worn)
 h - the +0 scale mail "Juxas" {rN+ SInv}
   (You found it on level 2 of the Dungeon)

   rN:        It protects you from negative energy.
   SInv:      It lets you see invisible.
 E - the cursed +2 hat of the Cursed Sage (worn) {Will+, Self, Fort}
   (You acquired it on level 7 of the Dungeon)

   It has a curse which improves the following skills: Introspection: Fighting
   and Spellcasting.
   Fortitude: Armour and Shields.
Jewellery
 r - an amulet of regeneration (around neck)
 t - the cursed ring of Panopticon (left hand) {AC+4, Fort, Alch}
   (You found it on level 6 of the Dungeon)

   [ring of protection]

   AC:        It affects your AC (+4).
   It has a curse which improves the following skills: Fortitude: Armour and
   Shields.
   Alchemy:   Poison Magic and Transmutations.
 x - the cursed ring of the Enigmatic Seeker (right hand) {rCorr, Range, Fort}
   (You found it on level 5 of the Dungeon)

   [ring of resist corrosion]

   rCorr:     It protects you from acid and corrosion.
   It has a curse which improves the following skills: Ranged Combat: Ranged
   Weapons and Throwing.
   Fortitude: Armour and Shields.
Wands
 v - a wand of digging (6)
Scrolls
 c - a scroll of immolation
 f - a scroll of poison
 g - 3 scrolls of identify
 m - 2 scrolls of teleportation
 o - 2 scrolls of noise
 p - 2 scrolls of fear
 y - a scroll of vulnerability
 A - a scroll of amnesia
 B - a scroll of fog
Potions
 b - a potion of magic
 d - 3 potions of mutation
 l - 4 potions of attraction
 q - a potion of degeneration
 u - 2 potions of curing
 z - 3 potions of cancellation
 C - a potion of heal wounds


   Skills:
 + Level 2.3(3.2) Fighting
 + Level 5.9 Dodging
 - Level 5.0 Stealth
 + Level 5.0(6.1) Spellcasting
 + Level 6.7 Conjurations
 + Level 7.8 Air Magic


You had 10 spell levels left.
You knew the following spells:

 Your Spells              Type           Power      Damage    Failure   Level
a - Shock                 Conj/Air       100%       1d9       1%          1
b - Static Discharge      Conj/Air       88%        2-6/arc   1%          2
c - Swiftness             Air            46%        N/A       1%          3
d - Airstrike             Air            23%        2d(4-20)  3%          4

Your spell library contained the following spells:

 Spells                   Type           Power      Damage    Failure   Level
 Necrotise                Necr           28%        1d5       8%          1
 Vampiric Draining        Necr           7%         2d6       22%         3
 Agony                    Necr           7%         N/A       90%         5


Dungeon Overview and Level Annotations

Branches:
Dungeon (7/15)
 Temple: D:4-7

Altars:
Ashenzari
Dithmenos
Elyvilon
Fedhas
Makhleb
Nemelex Xobeh
Okawaru
Qazlal
Trog
Vehumet

Shops:
D:2 [


Innate Abilities, Weirdness & Mutations

You have a beak for a mouth.
You have claws for feet.
Your magical nature lets you fly swiftly and evasively.


Message History

The kobold brigand hits you but does no damage.
Casting: Static Discharge (safe; 1% risk of failure)
Confirm with . or Enter, or press ? or * to list all spells.
The kobold brigand is struck by an arc of lightning!
The kobold brigand resists.
The kobold brigand is severely wounded.
You are struck by an arc of lightning.
* * * LOW HITPOINT WARNING * * *
The kobold brigand is struck by an arc of lightning.
The kobold brigand resists.
The kobold brigand is severely wounded.
The lightning grounds out.
You feel sick. The kobold brigand closely misses you.
The kobold brigand misses you.
Unknown command.
Casting: Static Discharge (safe; 1% risk of failure)
Confirm with . or Enter, or press ? or * to list all spells.
The kobold brigand is struck by an arc of lightning.
The kobold brigand resists.
The kobold brigand is almost dead.
You are struck by an arc of lightning.
* * * LOW HITPOINT WARNING * * *
The kobold brigand is struck by an arc of lightning.
The kobold brigand completely resists.
You feel sick.
You are no longer poisoned.
The kobold brigand misses you.
Casting: Static Discharge (safe; 1% risk of failure)
Confirm with . or Enter, or press ? or * to list all spells.
The kobold brigand is struck by an arc of lightning.
The kobold brigand resists.
The kobold brigand is almost dead.
You are struck by an arc of lightning.
* * * LOW HITPOINT WARNING * * *
The kobold brigand is struck by an arc of lightning.
The kobold brigand resists.
The kobold brigand is almost dead.
The lightning grounds out.
The kobold brigand hits you with the +5 dagger "Killer Bee's Regret" {freeze, rElec rF+ rC++ Int-4}!
* * * LOW HITPOINT WARNING * * *
The kobold brigand freezes you.
You die...

*** * #.........#.# ,
###....#.##.# , *
#######.##.###### ,
** #......>...#....#
, , #.#####..###.##.#
#####........###.##.#
.......†.........##.#
,
.##################.#
*
*#....K@.#.........#
, #...##.##.#########
,... *#....# * #* *
###### * * , , ** *


You could see a kobold brigand.

Vanquished Creatures
  An ice beast (D:5)
  2 sky beasts (D:7)
  A black bear (D:5)
  3 centaurs
  2 phantoms (D:5)
  A bullfrog (D:6)
  A howler monkey (D:3)
  4 jellies
  6 hounds
  2 gnoll boudas (D:6)
  2 orc priests
  2 sleepcaps (D:5)
  Ijyb (D:5)
  3 iguanas (D:5)
  4 orc wizards
  9 gnolls
  4 adders
  2 shadow imps (D:6)
  A white imp (D:6)
  4 worms
  3 dart slugs
  16 orcs
  2 ball pythons
  10 bats
  9 endoplasms
  2 giant cockroaches
  6 hobgoblins
  4 jackals (D:2)
  2 kobolds
  5 quokkas
  4 frilled lizards
  2 goblins
  6 rats
126 creatures vanquished.

Notes
Turn   | Place    | Note
-------+----------+-------------------------------------------
     0 | D:1      | Zonian the Tengu Air Elementalist began the quest for the
                  | Orb.
     0 | D:1      | Reached XP level 1. HP: 10/10 MP: 4/4
   268 | D:1      | Reached XP level 2. HP: 15/15 MP: 1/6
   862 | D:1      | Reached XP level 3. HP: 19/19 MP: 4/7
   927 | D:1      | Learned a level 2 spell: Static Discharge
  1430 | D:2      | Identified the +0 scale mail "Juxas" {rN+ SInv}
  1437 | D:2      | Found Zekud's Antique Armour Shop.
  1746 | D:2      | Identified the +4 mace "Oraeborch" {pain, Int+3}
  2316 | D:2      | Reached XP level 4. HP: 24/24 MP: 8/8
  3931 | D:3      | Gained mutation: Your magical nature lets you fly swiftly
                  | and evasively. [Tengu growth]
  3931 | D:3      | Reached XP level 5. HP: 28/28 MP: 3/10
  4289 | D:3      | Learned a level 3 spell: Swiftness
  4426 | D:3      | Reached skill level 5 in Air Magic
  5033 | D:4      | Found a broken altar of Ashenzari.
  5236 | D:4      | Became a worshipper of Ashenzari the Shackled
  5282 | D:4      | Reached XP level 6. HP: 24/32 MP: 5/11
  5429 | D:4      | You are sucked into a shaft and drop 2 floors!
  5617 | D:5      | Entered Level 5 of the Dungeon
  5640 | D:5      | Found a sparkling altar of Nemelex Xobeh.
  5649 | D:4      | Found a stormy altar of Qazlal.
  5649 | D:4      | Found a shadowy altar of Dithmenos.
  5649 | D:4      | Found a blossoming altar of Fedhas.
  5649 | D:4      | Found a bloodstained altar of Trog.
  5652 | D:4      | Found an iron altar of Okawaru.
  5673 | D:5      | Noticed Ijyb
  5675 | D:5      | Noticed a black bear
  5681 | D:5      | Killed Ijyb
  5685 | D:5      | Killed a black bear
  5942 | D:5      | Reached XP level 7. HP: 32/36 MP: 13/13
  6450 | D:5      | Reached skill level 6 in Air Magic
  6663 | D:5      | Reached skill level 5 in Conjurations
  6795 | D:5      | Reached XP level 8. HP: 37/41 MP: 13/15
  6954 | D:5      | Found a burning altar of Makhleb.
  6956 | D:5      | Found a white marble altar of Elyvilon.
  7178 | D:6      | Reached skill level 5 in Dodging
  7183 | D:6      | Reached skill level 5 in Stealth
  7323 | D:6      | Reached skill level 7 in Air Magic
  7381 | D:6      | Found a radiant altar of Vehumet.
  7509 | D:6      | Reached * piety under Ashenzari
  7635 | D:6      | Reached skill level 1 in Fighting
  7759 | D:6      | Noticed a two-headed ogre
  8275 | D:7      | Identified a scroll of acquirement
  8294 | D:7      | Acquired a +2 hat of willpower
  8410 | D:7      | Learned a level 4 spell: Airstrike
  8427 | D:7      | Reached skill level 5 in Spellcasting
  8427 | D:7      | Reached XP level 9. HP: 40/48 MP: 17/17
  8529 | D:7      | Identified the +4 whip of the Genius {freeze, Int+6}
  8546 | D:7      | Reached ** piety under Ashenzari
  8620 | D:7      | Identified the +5 dagger "Killer Bee's Regret" {freeze,
                  | rElec rF+ rC++ Int-4}
  8631 | D:7      | HP: 1/51 [kobold brigand/the +5 dagger "Killer Bee's
                  | Regret" {freeze, rElec rF+ rC++ Int-4} (8)]
  8631 | D:7      | Slain by a kobold brigand

Illustrated notes

Levels and vault maps discovered:
D:1:      dpeg_arrival_fog, layout_basic, serial_corexii_hall,
          corexii_hall_statues_x, chequers_hall_statues_y,
          corexii_hall_statues_s
D:2:      layout_loops_ring, serial_shops, nicolae_shop_waterfront,
          guppyfry_early_lair_pool
D:3:      layout_loops_ring, serial_bayou, serial_bayou_pond_b,
          serial_bayou_ford_a, serial_bayou_shore_b, serial_bayou_pond_d
D:4:      layout_loops_corners, pf_just_have_faith,
          mainiacjoe_overflow_small_starburst, lemuel_round_altar,
          nicolae_overflow_hidden_temple, minmay_temple_entry_fiery,
          gammafunk_ghost_necromancy, nicolae_titane, uniq_grinder
D:5:      layout_rooms, mainiacjoe_overflow_catwalk, grunt_temple_overflow_open,
          dreamdust_princess_bridge, uniq_ijyb
D:6:      layout_loops_corners, nicolae_vehumet_altar_sigil, serial_glass,
          glass_columns_a, glass_columns_b
D:7:      layout_basic

Skill      XL: |  1  2  3  4  5  6  7  8 |
---------------+-------------------------+-----
Conjurations   | 2 3 4 5 6 |  6.7
Dodging        | 3 4 5 |  5.9
Stealth        | 3 4 5 |  5.0
Air Magic      | 5 6 7 |  7.8
Spellcasting   | 3 4 5 |  5.0
Fighting       | 2 |  2.3

Action                     |  1- 3 |  4- 6 |  7- 9 || total
---------------------------+-------+-------+-------++-------
  Melee: Unarmed           |    14 |       |       ||    14
         Kick              |     8 |    14 |    52 ||    74
         Peck              |     3 |     7 |    31 ||    41
         Mace              |    16 |     9 |       ||    25
         Short sword       |       |    27 |   128 ||   155
         Punch             |       |       |     1 ||     1
         Whip              |       |       |     2 ||     2
  Throw: Dart              |       |       |     4 ||     4
   Cast: Shock             |    67 |    85 |    59 ||   211
         Static Discharge  |       |     3 |    17 ||    20
 Invoke: Curse Item        |       |       |     3 ||     3
    Use: Scroll            |       |     4 |     3 ||     7
   Stab: Sleeping          |       |     2 |     6 ||     8
 Armour: Robe              |    13 |     9 |    36 ||    58
  Dodge: Dodged            |    35 |    39 |   130 ||   204

Table legend: (Time is in decaauts)
 A = Elapsed time spent in this place.
 B = Non-inter-level travel time spent in this place.
 C = Inter-level travel time spent in this place.
 D = Time resting spent in this place.
 E = Time spent auto-exploring this place.
 F = Levels seen in this place.
 G = Mean time per level.
                   A        B        C        D        E       F      G
               +--------+--------+--------+--------+--------+-----+--------+
         Total |   8416 |   8254 |    162 |   2656 |   4361 |   7 | 1202.3 |
       Dungeon |   8416 |   8254 |    162 |   2656 |   4361 |   7 | 1202.3 |
               +--------+--------+--------+--------+--------+-----+--------+

Top non-repeatable levels by time:
     D:2: 1733 daAuts
     D:3: 1710 daAuts
     D:1: 1555 daAuts
     D:6: 1319 daAuts
     D:5: 1101 daAuts
     D:4: 648 daAuts
     D:7: 345 daAuts
